 Dungeon Crawl Stone Soup version 0.25-a0-161-gb7fd73d (webtiles) character file.

Game seed: 10800352773379691193, levelgen mode: deterministic

219 Firecrotchwizard the Digger (level 5, 0/38 HPs)
             Began as a Draconian Earth Elementalist on Nov 22, 2019.
             Was an Initiate of Vehumet.
             Slain by a hornet zombie (1 damage)
             ... on level 4 of the Dungeon.
             The game lasted 00:08:30 (4588 turns).

Firecrotchwizard the Digger (DrEE)                  Turns: 4588, Time: 00:08:30

Health: 0/38       AC:  6    Str: 11    XL:     5   Next: 64%
Magic:  7/10       EV: 12    Int: 16    God:    Vehumet [......]
Gold:   215        SH:  0    Dex: 11    Spells: 6/10 levels left

rFire    . . .     SeeInvis +   h - +0 dagger (venom)
rCold    . . .     Gourm    .   (no shield)
rNeg     . . .     Faith    .   (armour unavailable)
rPois    .         Spirit   .   (helmet restricted)
rElec    .         Reflect  .   (no cloak)
rCorr    .         Harm     .   (no gloves)
MR       .....                  d - +0 pair of boots
Stlth    ++........             (no amulet)
HPRegen  0.12/turn              n - ring of see invisible {sInv, !d}
MPRegen  0.12/turn              g - ring of wizardry {Wiz+, !d}

@: very slightly contaminated
A: unfitting armour, cold-blooded, AC +5
a: Renounce Religion


You were on level 4 of the Dungeon.
You worshipped Vehumet.
Vehumet was noncommittal.
You were not hungry.

You visited 2 branches of the dungeon, and saw 5 of its levels.

You collected 215 gold pieces.

Inventory:

Hand Weapons
 e - a +0 club
   (You took it off a hobgoblin on level 1 of the Dungeon)
 h - a +0 dagger of venom (weapon)
   (You took it off a goblin on level 1 of the Dungeon)
 t - a +4 long sword
   (You found it on level 3 of the Dungeon)
Missiles
 b - 109 stones (quivered)
Armour
 d - a +0 pair of boots (worn)
   (You found it on level 1 of the Dungeon)
Jewellery
 g - a ring of wizardry (right hand) {Wiz+, !d}
   (You found it on level 2 of the Dungeon)
 n - a ring of see invisible (left hand) {sInv, !d}
   (You found it on level 2 of the Dungeon)
Scrolls
 f - 4 scrolls of identify
 i - a scroll of magic mapping {unknown}
 l - 2 scrolls of noise {!r}
 m - 4 scrolls of amnesia
 o - a scroll of immolation {unknown}
 p - 2 scrolls of remove curse {unknown}
 q - a scroll of teleportation {unknown}
 r - a scroll of fear {unknown}
Potions
 a - 2 potions of heal wounds {unknown}
 j - 2 potions of magic
 k - a potion of haste {unknown}
 s - a potion of degeneration {unknown}
 v - a potion of curing {unknown}
Comestibles
 c - 8 rations
 u - 3 chunks of flesh {@w0}


   Skills:
 - Level 2.2 Dodging
 - Level 2.2 Stealth
 + Level 3.4 Spellcasting
   Level 1.0 Transmutations
 * Level 5.1 Earth Magic


You had 6 spell levels left.
You knew the following spells:

 Your Spells              Type           Power        Failure   Level  Hunger
a - Sandblast             Erth           ###...       1%          1    None
x - Stone Arrow           Conj/Erth      ##....       8%          3    ###....

Your spell library contained the following spells:

 Spells                   Type           Power        Failure   Level  Hunger
 Passwall                 Tmut/Erth      ##......     3%          2    ##.....
 Petrify                  Tmut/Erth      ##......     21%         4    ####...
 Lee's Rapid Deconstruct  Erth           ###.......   24%         5    ######.


Dungeon Overview and Level Annotations

Branches:
Dungeon (4/15)             Temple (1/1) D:4

Altars:
Ashenzari
Cheibriados
Dithmenos
Elyvilon
Fedhas
Gozag
Hepliaklqana
Kikubaaqudgha
Makhleb
Okawaru
Qazlal
Ru
Sif Muna
Trog
Uskayaw
Vehumet
Wu Jian
Xom
Yredelemnul
Zin
The Shining One


Innate Abilities, Weirdness & Mutations

Your plain brown scales are hard. (AC +5)
You cannot fit into any form of body armour.
You are cold-blooded and may be slowed by cold attacks.


Message History

You see here a helmet.
A hornet zombie comes into view.
You see here a helmet.
You can't see any susceptible monsters within range! (Use Z to cast anyway.)
You can't see any susceptible monsters within range! (Use Z to cast anyway.) Some of the chunks of flesh in your inventory have rotted away.
Aim: a hornet zombie The blast of sand hits the hornet zombie.
b - 120 stones You now have 9/10 mp.
Aim: a hornet zombie (lightly damaged)
The blast of sand hits the hornet zombie but does no damage.
b - 119 stones The hornet zombie hits you but does no damage.
You now have 8/10 mp.
Aim: a hornet zombie (lightly damaged)
The blast of sand hits the hornet zombie!
b - 118 stones The hornet zombie hits you!
You take 10 damage, and have 28/38 hp.
MASSIVE DAMAGE!!
You now have 7/10 mp.
Aim: a hornet zombie (moderately damaged)
The blast of sand hits the hornet zombie.
b - 117 stones The hornet zombie barely misses you.
The hornet zombie hits you.
You take 3 damage, and have 25/38 hp.
You now have 6/10 mp.
Aim: a hornet zombie (heavily damaged)
The blast of sand hits the hornet zombie.
b - 116 stones The hornet zombie barely misses you.
You now have 5/10 mp.
Aim: a hornet zombie (heavily damaged)
The blast of sand hits the hornet zombie but does no damage.
b - 115 stones The hornet zombie closely misses you.
You now have 4/10 mp.
Aim: a hornet zombie (heavily damaged)
The blast of sand hits the hornet zombie.
b - 114 stones The hornet zombie closely misses you.
The hornet zombie misses you.
You now have 3/10 mp.
Aim: a hornet zombie (heavily damaged)
The blast of sand hits the hornet zombie but does no damage.
b - 113 stones The hornet zombie hits you.
You take 1 damage, and have 24/38 hp.
You now have 2/10 mp.
Aim: a hornet zombie (heavily damaged)
The blast of sand hits the hornet zombie but does no damage.
b - 112 stones The hornet zombie barely misses you.
You hit the hornet zombie. The hornet zombie hits you.
You take 5 damage, and have 19/38 hp.
You hit the hornet zombie. The hornet zombie barely misses you.
The hornet zombie hits you but does no damage.
You hit the hornet zombie but do no damage.
The hornet zombie misses you.
You closely miss the hornet zombie.
The hornet zombie hits you but does no damage.
You hit the hornet zombie.
Your tail-slap misses the hornet zombie.
The hornet zombie barely misses you. The hornet zombie hits you!
You take 7 damage, and have 12/38 hp.
You closely miss the hornet zombie. The hornet zombie hits you!
* * * LOW HITPOINT WARNING * * *
You take 7 damage, and have 5/38 hp.
You hit the hornet zombie. The hornet zombie hits you.
* * * LOW HITPOINT WARNING * * *
You take 2 damage, and have 3/38 hp.
Aim: a hornet zombie (severely damaged)
The blast of sand hits the hornet zombie.
b - 111 stones The hornet zombie hits you.
* * * LOW HITPOINT WARNING * * *
The hornet zombie closely misses you.
You take 2 damage, and have 1/38 hp.
Aim: a hornet zombie (severely damaged)
The blast of sand hits the hornet zombie but does no damage.
b - 110 stones The hornet zombie hits you.
* * * LOW HITPOINT WARNING * * *
You now have 1/10 mp.
Aim: a hornet zombie (severely damaged)
The blast of sand hits the hornet zombie.
b - 109 stones The hornet zombie completely misses you.
You now have 0/10 mp.
You aren't carrying any items that you can evoke.
It was a potion of magic.
Magic courses through your body. The hornet zombie closely misses you.
MP restored: 10
Aim: a hornet zombie (almost destroyed)
Okay, then.
Okay, then.
You don't know that spell.
Aim: a hornet zombie (almost destroyed)
You miscast Stone Arrow.
You are very lightly contaminated with residual magic.
You momentarily stiffen.
The hornet zombie hits you.
You die...

########################
......Z@...[............
########################
##### #....
###################....
.......................


You could see a hornet zombie.

Vanquished Creatures
  An orc wizard (D:4)
  A centaur skeleton (D:4)
  An iguana (D:4)
  A hound skeleton (D:4)
  A gnoll (D:1)
  2 adders
  An ooze (D:1)
  2 worms
  An adder skeleton (D:4)
  3 dart slugs
  A leopard gecko (D:3)
  6 orcs
  A ball python (D:3)
  7 bats
  A giant cockroach (D:1)
  9 goblins
  8 hobgoblins
  5 jackals
  4 quokkas
  5 frilled lizards
  7 kobolds
  7 rats
75 creatures vanquished.

Notes
Turn   | Place    | Note
-------+----------+-------------------------------------------
     0 | D:1      | Firecrotchwizard the Draconian Earth Elementalist began the
                  | quest for the Orb.
     0 | D:1      | Reached XP level 1. HP: 14/14 MP: 3/3
   190 | D:1      | Reached skill level 2 in Dodging
   190 | D:1      | Reached skill level 2 in Stealth
   190 | D:1      | Reached XP level 2. HP: 20/20 MP: 1/5
   416 | D:1      | HP: 1/20 [gnoll/+0 flail (12)]
   817 | D:1      | Reached XP level 3. HP: 23/26 MP: 6/6
  2206 | D:2      | Found a faded altar of an unknown god.
  2347 | D:2      | Reached XP level 4. HP: 33/33 MP: 8/8
  2476 | D:3      | Reached skill level 4 in Earth Magic
  3464 | D:4      | Found a staircase to the Ecumenical Temple.
  3470 | Temple   | Entered the Ecumenical Temple
  3509 | Temple   | Became a worshipper of Vehumet
  3530 | D:4      | Reached skill level 3 in Spellcasting
  3538 | D:4      | Learned a level 3 spell: Stone Arrow
  3872 | D:4      | HP: 8/33 [hound skeleton (3)]
  3905 | D:4      | Reached XP level 5. HP: 14/38 MP: 2/9
  4355 | D:4      | Reached skill level 5 in Earth Magic
  4582 | D:4      | HP: 5/38 [hornet zombie (7)]
  4584 | D:4      | HP: 1/38 [hornet zombie (2)]
  4588 | D:4      | Slain by a hornet zombie

Levels and vault maps discovered:
D:1:      wheals_arrival_linesprint, layout_basic, bh_walls_and_bars
D:2:      layout_loops_ring, chequers_ecumenical_altar_grove,
          minmay_tromino_mix6
D:3:      layout_basic, first_ration
D:4:      layout_basic, minmay_temple_entry_wispy
Temple:   nicolae_temple_the_god_donut

Skill      XL: |  1  2  3  4  5 |
---------------+----------------+-----
Dodging        | 2 |  2.2
Stealth        | 2 |  2.2
Earth Magic    | 4 5 |  5.1
Spellcasting   | 3 |  3.4
Transmutations | |  1.0

Action                   |  1- 3 |  4- 6 || total
-------------------------+-------+-------++-------
Melee: Club              |    61 |       ||    61
       Tailslap          |    10 |     8 ||    18
       Dagger            |    48 |   118 ||   166
Throw: Stone             |    16 |    25 ||    41
 Cast: Sandblast         |    12 |    34 ||    46
  Use: Scroll            |       |     3 ||     3
       Potion            |       |     1 ||     1
 Stab: Sleeping          |     4 |     2 ||     6
  Eat: Chunk             |     5 |     7 ||    12
Armor: Skin              |    40 |    48 ||    88
Dodge: Dodged            |    87 |   104 ||   191

Table legend:
 A = Non-vault XP
 B = Vault XP
 C = Vault XP percentage of total XP
 D = Non-vault monster count
 E = Vault monster count
 F = Vault count percentage of total count
                 A         B        C        D         E       F
            +---------+---------+-------+---------+---------+-------
      Total |     312 |       2 |   0.6 |      74 |       1 |   1.3
            +---------+---------+-------+---------+---------+-------
        D:1 |      61 |       0 |   0.0 |      27 |       0 |   0.0
        D:2 |      34 |       2 |   5.6 |      13 |       1 |   7.1
        D:3 |      60 |       0 |   0.0 |      22 |       0 |   0.0
        D:4 |     157 |       0 |   0.0 |      12 |       0 |   0.0
            +---------+---------+-------+---------+---------+-------

Levels and vault maps discovered:
D:1:      wheals_arrival_linesprint, layout_basic, bh_walls_and_bars
D:2:      layout_loops_ring, chequers_ecumenical_altar_grove,
          minmay_tromino_mix6
D:3:      layout_basic, first_ration
D:4:      layout_basic, minmay_temple_entry_wispy
Temple:   nicolae_temple_the_god_donut

Table legend:
 A = Turns spent in this place as a percentage of turns spent in the entire game.
 B = Non-inter-level travel turns spent in this place as a percentage of non-inter-level travel turns spent in the entire game.
 C = Inter-level travel turns spent in this place as a percentage of turns spent in this place.
 D = Turns resting spent in this place as a percentage of non-inter-level travel turns spent in this place.
 E = Turns spent auto-exploring this place as a percentage of non-inter-level travel turns spent in this place.
 F = Non-inter-level travel turns spent in this place divided by the number of levels of this place that you've seen.
                   A       B       C       D       E      F
               +-------+-------+-------+-------+-------+----------------------
         Total | 100.0 | 100.0 |   1.9 |  32.0 |  51.7 | 900.6
       Dungeon |  98.9 |  99.1 |   1.6 |  32.3 |  51.4 | 1115.8
        Temple |   1.1 |   0.9 |  23.1 |   0.0 |  87.5 |  40.0
               +-------+-------+-------+-------+-------+----------------------

Table legend:
 A = Kills in this place as a percentage of kills in entire the game.
 B = Kills by you in this place as a percentage of kills by you in the entire game.
 C = Kills by friends in this place as a percentage of kills by friends in the entire game.
 D = Other kills in this place as a percentage of other kills in the entire game.
 E = Experience gained in this place as a percentage of experience gained in the entire game.
 F = Experience gained in this place divided by the number of levels of this place that you have seen.
                   A       B       C       D       E      F
               +-------+-------+-------+-------+-------+----------------------
         Total | 100.0 | 100.0 |   N/A |   N/A | 100.0 |  62.8
       Dungeon | 100.0 | 100.0 |   N/A |   N/A | 100.0 |  78.5
               +-------+-------+-------+-------+-------+----------------------
